 Dungeon Crawl Stone Soup version 0.19-a0-1111-gcceb26a (console) character file.

618 flowsnake the Chopper (level 7, 0/61 HPs)
             Began as a Hill Orc Fighter on Aug 11, 2016.
             Was an Initiate of Beogh.
             Killed by nerve-wracking pain
             ... invoked by Menkaure
              (6 damage)
             ... on level 5 of the Dungeon.
             The game lasted 00:10:59 (2942 turns).

flowsnake the Chopper (Hill Orc Fighter)            Turns: 2942, Time: 00:11:00

Health: 0/61       AC: 14    Str: 21    XL:     7   Next: 45%
Magic:  7/7        EV:  4    Int:  8    God:    Beogh [......]
Gold:   132        SH: 10    Dex: 10    Spells: 0 memorised, 6 levels left

rFire  + . .     SeeInvis .     a - +0 war axe
rCold  x . .     Gourm    .     e - +1 plate armour
rNeg   . . .     Faith    .     c - +0 shield
rPois  .         Spirit   .     (no helmet)
rElec  .         Dismiss  .     t - +0 cloak
rCorr  .         Reflect  .     (no gloves)
SustAt .         Harm     .     (no boots)
MR     .....                    (no amulet)
Stlth  ..........               (no ring)
                                s - ring of fire

@:
A: no striking features
a: Renounce Religion


You were on level 5 of the Dungeon.
You worshipped Beogh.
Beogh was noncommittal.
You were not hungry.

You visited 1 branch of the dungeon, and saw 5 of its levels.

You collected 132 gold pieces.

Inventory:

Hand Weapons
 a - a +0 war axe (weapon)
Armour
 c - a +0 shield (worn)
 e - a +1 plate armour (worn)
 t - a +0 cloak (worn)
Jewellery
 s - a ring of fire (left hand)
Wands
 j - a wand of disintegration (0/24)
Scrolls
 m - a scroll of enchant armour
 n - a scroll of magic mapping
 p - a scroll of remove curse
 q - 2 scrolls of amnesia
 u - 2 scrolls of noise
Potions
 b - a potion of lignification
 d - 2 potions of might
 g - a potion of brilliance {unknown}
 h - 3 potions of haste
 i - 2 potions of curing
 r - a potion of beneficial mutation {unknown}
Comestibles
 f - 4 bread rations
 k - a beef jerky
 o - 2 meat rations
 v - a chunk of flesh


   Skills:
 + Level 5.0 Fighting
 * Level 7.2 Axes
 + Level 4.8 Armour
 + Level 5.4 Shields
 + Level 0.2 Evocations


You had 6 spell levels left.
You didn't know any spells.

Dungeon Overview and Level Annotations

Branches:
Dungeon (5/15)
 Temple: D:4-7

Altars:
Makhleb
Xom

Annotations:
D:5 Menkaure


Message History

Menkaure calls on the powers of darkness!
Your body is wracked with pain!
Menkaure gestures at you while chanting.
Pain shoots through your body!
Menkaure gestures wildly while chanting.
Menkaure seems to speed up.
Menkaure blazes with dark energy!
Menkaure calls on the powers of darkness!
Your body is wracked with pain!
* * * LOW HITPOINT WARNING * * *
Menkaure giggles, "These cerements are ticklish..."
Menkaure points at you and mumbles some strange words.
Pain shoots through your body!
* * * LOW HITPOINT WARNING * * *
Menkaure calls on the powers of darkness!
Your body is wracked with pain!
* * * LOW HITPOINT WARNING * * *
Menkaure gestures at you while chanting.
Pain shoots through your body!
You die...

█····················███··
█························
█···(··(················
█···················██ ··
█····················██ █··
█·····················█ █··
█···················^·██ █·█
█······················█ ███·█
█······················████···█
█····························█
·························██ ·█
······<···········█···██ ██·█
█··█ ···············██··M██
█··██ █··█
···········M···███···██
█···████··█ ······>o·······█
██···████····██···█ █····
··············██
█!···············█ ·····
··············█
██··············█ █·····
··············█
██·············██ ······
··············█
██·············██ ██······
··············█
███············█ █·······
················
██·····████··████·······
················ █····██
██··██········ ██··██
███···%······


████ ██········· █··█······ ██··█····· ██·███··· ·· ██· █·█ █ You could see
Menkaure.

Vanquished Creatures
  Prince Ribbit (D:5)
  A phantom (D:4)
  The ghost of happinesssam the Sneak, a weakling DrAs (D:3)
  A howler monkey (D:4)
  A jelly (D:5)
  Ijyb (D:2)
  A hound skeleton (D:4)
  11 adders
  An adder zombie (D:5)
  2 worms (D:2)
  4 dart slugs
  3 giant geckos
  An orc (D:4)
  4 ball pythons
  5 bats
  5 giant cockroaches
  7 goblins
  5 hobgoblins
  8 jackals (D:2)
  A quokka (D:3)
  A ball python zombie (D:5)
  3 giant newts
  A jackal skeleton (D:4)
  9 kobolds
  10 rats
88 creatures vanquished.

Vanquished Creatures (others)
  A rat (D:3)
1 creature vanquished.

Grand Total: 89 creatures vanquished

Notes
Turn   | Place    | Note
-------+----------+-------------------------------------------
     0 | D:1      | flowsnake the Hill Orc Fighter began the quest for the Orb.
     0 | D:1      | Reached XP level 1. HP: 19/19 MP: 1/1
   101 | D:1      | Reached XP level 2. HP: 23/27 MP: 2/2
   286 | D:1      | Reached skill level 3 in Axes
   293 | D:1      | Reached XP level 3. HP: 31/33 MP: 3/3
   549 | D:2      | Found a shimmering altar of Xom.
   634 | D:2      | Found a burning altar of Makhleb.
   637 | D:2      | Noticed Ijyb
   655 | D:2      | Reached XP level 4. HP: 40/40 MP: 4/4
   657 | D:2      | Killed Ijyb
   657 | D:2      | Reached skill level 4 in Axes
   986 | D:2      | You fall through a shaft!
  1001 | D:3      | Reached XP level 5. HP: 30/46 MP: 5/5
  1105 | D:3      | Reached skill level 5 in Axes
  1603 | D:3      | Became a worshipper of Beogh the Brigand
  1695 | D:3      | Noticed happinesssam's ghost (weakling DrAs)
  1728 | D:3      | Killed happinesssam's ghost
  1800 | D:4      | Reached XP level 6. HP: 47/53 MP: 6/6
  2171 | D:4      | Noticed a phantom
  2226 | D:4      | Killed a phantom
  2226 | D:4      | Reached skill level 6 in Axes
  2226 | D:4      | Reached skill level 5 in Shields
  2560 | D:5      | Entered Level 5 of the Dungeon
  2571 | D:5      | Noticed Prince Ribbit
  2609 | D:5      | Noticed Menkaure
  2839 | D:5      | Killed Prince Ribbit
  2839 | D:5      | Reached skill level 5 in Fighting
  2839 | D:5      | Reached skill level 7 in Axes
  2839 | D:5      | Reached XP level 7. HP: 61/61 MP: 7/7
  2942 | D:5      | Killed from afar by Menkaure

Vault maps used:
D:1:      dpeg_arrival_erosion
D:2:      old_standard_altar, lemuel_crystal_altar, marbit_many_paths,
          serial_corexii_hall, corexii_hall_statues_s, corexii_hall_statues_x,
          uniq_iyjb
D:5:      lemuel_round_altar, nicolae_tso_swordbearing_angel, first_bread,
          uniq_prince_ribbit1, uniq_edmund, uniq_menkaure

Skill      XL: |  1  2  3  4  5  6 |
---------------+-------------------+-----
Axes           | 3 4 5 7 |  7.2
Fighting       | 4 5 |  5.0
Shields        | 4 5 |  5.4
Armour         | 4 |  4.8
Evocations     | |  0.2

Action                   |  1- 3 |  4- 6 |  7- 9 || total
-------------------------+-------+-------+-------++-------
Melee: War axe           |   138 |   233 |     4 ||   375
Invok: Convert to Beogh  |       |     1 |       ||     1
Evoke: Wand              |       |     6 |     1 ||     7
  Use: Scroll            |     3 |     9 |     2 ||    14
  Eat: Chunk             |       |     7 |       ||     7
Armor: Plate armour      |   115 |   130 |     2 ||   247
       Scale mail        |     5 |       |       ||     5
Dodge: Dodged            |    19 |    38 |       ||    57
Block: Shield            |   105 |   120 |     1 ||   226
